 Dungeon Crawl Stone Soup version 0.19.5 (webtiles) character file.

552 JeffiDaFish the Cudgeler (level 7, -1/44 HPs)
             Began as a Gargoyle Fighter on Mar 8, 2017.
             Was a Follower of Okawaru.
             Splashed by an oklob sapling's acid (14 damage)
             ... on level 4 of the Dungeon.
             The game lasted 00:06:42 (3814 turns).

JeffiDaFish the Cudgeler (Gargoyle Fighter)         Turns: 3814, Time: 00:06:44

Health: -1/44      AC: 10    Str: 20    XL:     7   Next: 29%
Magic:  7/7        EV:  6    Int:  8    God:    Okawaru [*.....]
Gold:   179        SH: 10    Dex: 15    Spells: 0 memorised, 6 levels left

rFire  . . .     SeeInvis .     a - +0 flail
rCold  . . .     Gourm    .     t - +0 chain mail
rNeg   + + .     Faith    .     c - +0 shield
rPois  ∞         Spirit   .     (no helmet)
rElec  +         Reflect  .     (no cloak)
rCorr  .         Harm     .     l - -1 pair of gloves (curse)
MR     .....                    (no boots)
Stlth  ..........               (no amulet)
                                n - ring of positive energy
                                m - +4 ring of dexterity

@: corroded
A: negative energy resistance 1, electricity resistance, unbreathing,
petrification resistance, rot immunity, AC +4
a: Heroism, Renounce Religion


You were on level 4 of the Dungeon.
You worshipped Okawaru.
Okawaru was aware of your devotion.
You were not hungry.

You visited 1 branch of the dungeon, and saw 4 of its levels.

You collected 179 gold pieces.

Inventory:

Hand Weapons
 a - a +0 flail (weapon)
Armour
 c - a +0 shield (worn)
 l - a cursed -1 pair of gloves (worn)
 t - a +0 chain mail (worn)
Jewellery
 m - a +4 ring of dexterity (left hand)
 n - a ring of positive energy (right hand)
Scrolls
 e - 3 scrolls of remove curse
 o - 3 scrolls of identify
Potions
 d - a potion of might
 p - a potion of berserk rage
 q - a potion of agility
 s - a potion of curing
Comestibles
 b - 10 chunks of flesh
 f - 3 bread rations
 h - a slice of pizza
 i - 3 meat rations
 j - a beef jerky
 k - 7 fruits
 r - a royal jelly


   Skills:
 + Level 4.6 Fighting
 + Level 5.1 Maces & Flails
 + Level 4.6 Armour
 + Level 1.2 Dodging
 + Level 1.0 Stealth
 + Level 4.8 Shields


You had 6 spell levels left.
You didn't know any spells.

Dungeon Overview and Level Annotations

Branches:
Dungeon (4/15)             Temple (0/1) D:4

Altars:
Ashenzari
Fedhas
Hepliaklqana
Okawaru
Ru
Uskayaw
Vehumet
Yredelemnul

Shops:
D:4 [

Annotations:
D:4 exclusion: oklob sapling


Innate Abilities, Weirdness & Mutations

You are resistant to torment.
Your stone body is resilient. (AC +4)
You are immune to poison.
You resist negative energy. (rN+)
You are resistant to electric shocks. (rElec)
You can survive without breathing.
You are immune to petrification.
You are immune to rotting.


Message History

The oklob sapling spits acid at you. The splash of acid misses you.
The splash of acid hits the plant.
The plant is splashed with acid.
You hit the oklob sapling.
The oklob sapling is heavily damaged.
You hit the oklob sapling.
The oklob sapling is severely damaged.
The oklob sapling spits acid at you. The splash of acid hits you!
The acid corrodes you!
You are splashed with acid!
The acid burns!
The oklob sapling spits acid at you. The splash of acid misses you.
The splash of acid hits the plant.
The plant is splashed with acid.
You hit the oklob sapling but do no damage.
The oklob sapling is severely damaged.
The oklob sapling spits acid at you. The splash of acid hits you!
* * * LOW HITPOINT WARNING * * *
You are splashed with acid!
The acid burns!
You die...

#..........)....>#
#.............##.#
######........##.##
#........##..#
#......P..P.P#
#.......PPPP.#
#......PP..P.#
#......P.>PPP#
#.....PPPP@.P#
#.......PPPP.#
#......P.PP..#
#..........###
############


You could see an oklob sapling.

Vanquished Creatures
  An ogre (D:4)
  The ghost of STERN the Ducker, a weakling TrFi of Uskayaw (D:3)
  4 howler monkeys (D:4)
  A gnoll shaman (D:3)
  A worker ant (D:4)
  4 gnolls
  5 adders
  2 oozes
  An adder skeleton (D:4)
  4 worms
  3 dart slugs
  4 leopard geckos
  11 orcs
  A bat (D:1)
  2 giant cockroaches
  9 goblins
  9 hobgoblins
  8 jackals
  2 quokkas
  3 frilled lizards (D:1)
  11 kobolds
  7 rats
  A spectral orc (D:2)
  A plant (D:4)
96 creatures vanquished.

Notes
Turn   | Place    | Note
-------+----------+-------------------------------------------
     0 | D:1      | JeffiDaFish the Gargoyle Fighter began the quest for the Orb.
     0 | D:1      | Reached XP level 1. HP: 14/14 MP: 1/1
   171 | D:1      | Reached XP level 2. HP: 19/19 MP: 2/2
   665 | D:1      | Reached XP level 3. HP: 24/24 MP: 3/3
  1128 | D:2      | Reached XP level 4. HP: 29/29 MP: 4/4
  1381 | D:2      | Found a basalt altar of Yredelemnul.
  1637 | D:3      | Reached skill level 3 in Maces & Flails
  1842 | D:3      | Noticed STERN's ghost (weakling TrFi)
  1858 | D:3      | Killed STERN's ghost
  1858 | D:3      | Reached XP level 5. HP: 16/33 MP: 5/5
  1994 | D:3      | Found an iron altar of Okawaru.
  2004 | D:3      | Became a worshipper of Warmaster Okawaru
  2021 | D:3      | Reached skill level 1 in Dodging
  2088 | D:3      | Found a hide-covered altar of Uskayaw.
  2368 | D:3      | Found a sacrificial altar of Ru.
  2498 | D:3      | Found a shattered altar of Ashenzari.
  2594 | D:3      | Reached skill level 4 in Maces & Flails
  2594 | D:3      | Reached XP level 6. HP: 7/39 MP: 6/6
  2597 | D:3      | HP: 1/39 [leopard gecko (1)]
  3031 | D:4      | Reached * piety under Okawaru
  3032 | D:4      | Found a hazy altar of Hepliaklqana.
  3259 | D:4      | Found a radiant altar of Vehumet.
  3267 | D:4      | Reached XP level 7. HP: 44/44 MP: 7/7
  3298 | D:4      | Reached skill level 5 in Maces & Flails
  3298 | D:4      | Reached skill level 1 in Stealth
  3344 | D:4      | Found Wics's Antique Armour Boutique.
  3375 | D:4      | Found a staircase to the Ecumenical Temple.
  3395 | D:4      | Found a blossoming altar of Fedhas.
  3814 | D:4      | Splashed by an oklob sapling's acid

Skill      XL: |  1  2  3  4  5  6  7 |
---------------+----------------------+-----
Maces & Flails | 3 4 5 |  5.1
Fighting       | 4 |  4.6
Dodging        | 1 |  1.2
Shields        | 4 |  4.8
Armour         | 4 |  4.6
Stealth        | 1 |  1.0

Action                   |  1- 3 |  4- 6 |  7- 9 || total
-------------------------+-------+-------+-------++-------
Melee: Flail             |   126 |   190 |    56 ||   372
  Use: Scroll            |     5 |     3 |       ||     8
       Potion            |     1 |     3 |       ||     4
  Eat: Chunk             |     1 |     7 |     2 ||    10
Armor: Scale mail        |    62 |    79 |     5 ||   146
       Chain mail        |       |       |    34 ||    34
Dodge: Dodged            |    36 |    73 |    21 ||   130
Block: Shield            |    65 |   136 |    26 ||   227
